Workbook
Name \A: [1]Sched2!#REF!
Name \B: [1]Sched2!#REF!
Name \C: [1]Sched2!#REF!
Name \D: [1]Sched2!#REF!
Name \E: [1]Sched2!#REF!
Name \F: [1]Sched2!#REF!
Name \G: [1]Sched2!#REF!
Name \H: [1]Sched2!#REF!
Name \J: [1]Sched2!#REF!
Name \K: [1]Sched2!#REF!
Name \Q: [1]Sched2!#REF!
Name _: '[2]Schedule 5'!#REF!
Name ___hhh2: #REF!
Name ___SEC1200: #REF!
Name __hhh2: #REF!
Name __SEC1200: #N/A
Name _1: #REF!
Name _1SCHEDULE_1: #REF!
Name _2SCHEDULE_2: #REF!
Name _hhh2: #REF!
Name _SEC1200: #REF!
Name _t1: [3]Tender!$A$1:$G$105
Name _VO6: #REF!
Name ag: '[2]Schedule 4'!$A$1
Name BIGEN_AFRICA_no: '[4]EC 7'!$F$14
Name ClientAddress: [5]Input!$B$12
Name ClientVATNo: [5]Input!$B$13
Name Contract_Description: '[4]EC 7'!$F$15
Name CONTRACT_NAME: '[4]EC 1'!#REF!
Name Contract_no: '[4]EC 7'!$F$13
Name data: #REF!
Name data1: #REF!
Name data2: #REF!
Name data64: [6]Invoice!$D$39
Name data8: [7]Invoice!$E$12
Name Date: '[4]EC 1'!#REF!
Name dflt1: '[6]Customize Your Invoice'!$E$22
Name dflt4: '[6]Customize Your Invoice'!$E$26
Name dflt5: '[6]Customize Your Invoice'!$E$27
Name dflt6: '[6]Customize Your Invoice'!$D$28
Name dflt7: '[6]Customize Your Invoice'!$G$27
Name Evaluation: #REF!
Name hhh: #REF!
Name InvPeriod: [5]Input!$B$14
Name Print: #N/A
Name Print_Area1: [8]SPCSummary!#REF!
Name Print_Area2: [8]SPCSummary!#REF!
Name Tender: #REF!
Name tender1: #REF!
Name TEST: "AutoShape 7"
Name TotalA: [9]Summary!$E$41
Name VATRate: [10]Input!$D$29
Name VATStatus: [10]Input!$B$29
Name vital5: '[6]Customize Your Invoice'!$E$15

Sheet 1.PRELIMINARY & GENERAL
A2: ITEM NO | B2: PAYMENT | C2: DESCRIPTION | D2: UNIT | E2: QTY | F2: Rate | G2: Amount
B5: SABS 1200A | C5: SECTION 1: PRELIMINARY AND GENERAL
A7: 1 | B7: 8.3 PSA 8.2.1 | C7: SCHEDULED FIXED-CHARGE AND VALUE-RELATED ITEMS
A9: 1.1 | B9: 8.3.1 | C9: Contractual Requirements
C11: Fixed Items
A13: 1.2 | B13: PSA 8.3.1a | C13: Contractors all risk insurance provided by Contractor | D13: Sum | E13: 1
B15: PSA 8.3.2 | C15: Establishment of Facilities on the Site
B17: PSA 8.3.2.1 | C17: Facilities for Engineer
A19: 1.3 | B19: PSAB 3.2 | C19: a) Furnished office for Resident Engineer suitable for site meetings | D19: Sum | E19: 1
A21: 1.4 | B21: PSAB 4.1 | C21: b) One Cellular phone | D21: Sum | E21: 1
A23: 1.5 | B23: PSAB 3.1 | C23: c) Nameboard as per drawing
B24: PSAB 5.1 | D24: Sum | E24: 2
A26: 1.6 | B26: PSAB 5.5 | C26: d) Two survey assistants and equipment | D26: Sum | E26: 1
A28: 1.7 | B28: PSAB 3.2 | C28: e) One Carport as specified | D28: Sum | E28: 1
A30: 1.8 | C30: f) Provision of monthly as-built" records to the Engineer" | D30: Sum | E30: 1
A32: 1.9 | C32: g) Ablution and latrine facilities | D32: Sum | E32: 1
A34: 1.1 | C34: h) Laptop - 4.7GHz Processor , 16 GB RAM,512 SSG HD,
C35: with USB port min. Core i11 or similarly approved, complete
C36: with Windows 10 Proffesional operating system & MS Office | D36: Sum | E36: 1
C38: Facilities for Contractor
A40: 1.11 | B40: PS 6.2 PSA 4.2 | C40: a) Offices and storage sheds | D40: Sum | E40: 1
A42: 1.12 | C42: b) Workshops | D42: Sum | E42: 1
A44: 1.13 | B44: PS 6.3 | C44: d) Living accommodation | D44: Sum | E44: 1
A46: 1.14 | C46: e) Ablution and latrine facilities | D46: Sum | E46: 1
A48: 1.15 | C48: f) Tools and equipment | D48: Sum | E48: 1
A50: 1.16 | B50: PS 6.1 | C50: g) Water supplies, electric power and communications | D50: Sum | E50: 1
A52: 1.17 | C52: h) Dealing with water (Subclause 5.5) | D52: Sum | E52: 1
A54: 1.18 | B54: PS 8.6 | C54: i) Access (Subclause 5.8) | D54: Sum | E54: 1
A56: 1.2 | B56: PS 5 | C56: l) Digital camera to take digital photographs of existing
C57: stuctures, roads and obstructions on the pipeline routes
C58: and submit to the Engineer (remains the property
C59: of the contractor) | D59: Sum | E59: 1
A61: 1.21 | B61: 8.3.3 PSA 8.8.5 | C61: Other fixed-charge obligations (Specify) | D61: Sum | E61: 1
A64: 1.22 | B64: 8.3.4 | C64: Removal of Site Establishment | D64: Sum | E64: 1
A89: TOTAL CARRIED FORWARD
A90: BROUGHT FORWARD
A92: 1.23 | B92: PSA 8.4 PSA 8.2.2 | C92: SCHEDULED TIME-RELATED ITEMS
A94: 1.24 | B94: 8.4.1 | C94: Contractual Requirements | D94: Month | E94: 12
B96: 8.4.2 | C96: Operation and Maintenance of Facilities on Site, for Duration of Construction, except where otherwise stated
B98: PSA 8.4.2.1 | C98: Facilities for Engineer
A100: 1.25 | B100: PSAB 3.2 | C100: a) Furnished office for Resident Engineer suitable for site meetings and accomdation | D100: Month | E100: 12
A102: 1.26 | B102: PSAB 4.1 | C102: b) One Cellular phone | D102: Month | E102: 12
A104: 1.27 | B104: PSAB 3.1 PSAB 5.1 | C104: c) Nameboard as per drawing | D104: Month | E104: 12
A106: 1.28 | C106: d) Two survey assistants and equipment | D106: Month | E106: 12
A108: 1.29 | B108: PSAB 3.2 | C108: e) One Carport as specified | D108: Month | E108: 12
A110: 1.3 | B110: PS 15.1 | C110: f) Provision of monthly as-built" records to the Engineer" | D110: Month | E110: 12
A112: 1.31 | C112: g) Ablution and latrine facilities | D112: Month | E112: 12
B114: PSA 8.4.2.2 | C114: Facilities for Contractor
A116: 1.33 | B116: PS 6.2 PSA 4.2 | C116: a) Offices and storage sheds | D116: Month | E116: 12
A118: 1.34 | C118: b) Workshops | D118: Month | E118: 12
A120: 1.35 | B120: PS 6.3 | C120: d) Living accommodation | D120: Month | E120: 12
A122: 1.36 | C122: e) Ablution and latrine facilities | D122: Month | E122: 12
A124: 1.37 | C124: f) Tools and equipment | D124: Month | E124: 12
A126: 1.38 | B126: PS 6.1 | C126: g) Water supplies, electric power and communications | D126: Month | E126: 12
A128: 1.39 | B128: PSA 8.4.5 | C128: h) Dealing with water (Subclause 5.5) | D128: Month | E128: 12
A130: 1.4 | B130: PS 8.6 | C130: i) Access (Subclause 5.8) | D130: Month | E130: 12
A131: 1.41 | C131: k) One printer | D131: Month | E131: 12
A133: 1.42 | B133: PS 5 | C133: l) Digital camera to take digital photographs of existing stuctures, roads and obstructions on the pipeline routes and submit to Engineer | D133: Month | E133: 12
A135: 1.43 | B135: 8.4.3 | C135: Supervision for Duration of Construction | D135: Month | E135: 12
A137: 1.44 | B137: 8.4.4 | C137: Company and Head Office Overhead Costs for the Duration of the Contract | D137: Month | E137: 12
A139: 1.45 | B139: 8.4.5 PSA 8.8.5 | C139: Other Time-related Obligations (Specify) | D139: Month | E139: 12
B145: PS A 8.4.6 | C145: Standing time costs
A146: 1.46 | C146: a) Plant | D146: Sum/day | E146: 10
A148: 1.47 | C148: b) Labour | D148: Sum/day | E148: 10
A168: TOTAL CARRIED FORWARD
A169: BROUGHT FORWARD
B170: 8.7 | C170: Dayworks
C172: a) Plant
A174: 1.5 | C174: (i) Air compressor, 10m³/min, complete with drills, jack hammer etc. | D174: hr | E174: 50
A176: 1.51 | C176: (ii) Drain sewer/water from manholes or any other structure identified by the Employer's Agent using submersible pump/s. | D176: hr | E176: 50
A178: 1.52 | C178: (iii) Truck 10m³ with operator | D178: hr | E178: 100
A180: 1.53 | C180: (iv) Concrete mixer 0.5m³ | D180: hr | E180: 100
A182: 1.54 | C182: (v) Excavator 20T | D182: hr | E182: 100
A184: 1.55 | C184: (vi) Watercart 10 kl | D184: hr | E184: 100
C186: b) Labour
A188: 1.56 | C188: (i) Unskilled | D188: hr | E188: 100
A190: 1.57 | C190: (ii) Artisans | D190: hr | E190: 100
A192: 1.58 | C192: (iii) Survey assistants | D192: hr | E192: 100
A194: 1.59 | C194: c) Material | D194: Prov Sum | F194: 15000 | G194: =F194 -> 15000
A196: 1.6 | C196: c) Overheads, charges and profit on (c) above | D196: % | E196: 15000
B198: 8.5 | C198: SUMS STATED PROVISIONIALLY BY ENGINEER
B200: 8.5 | C200: (Paid only on discretion of the Employer)
A202: 1.61 | C202: a) Relocation of existing services | D202: Prov Sum | F202: 50000 | G202: 50000
A204: 1.62 | C204: b) Overheads, charges and profit on item above | D204: % | E204: =G202 -> 50000
A206: 1.63 | C206: c) Accredited Training | D206: Prov Sum | F206: 25000 | G206: =F206 -> 25000
A208: 1.64 | C208: d) Overheads, charges and profit on item above | D208: % | E208: =G206 -> 25000
B210: PSA 8.6 | C210: PRIME COST ITEMS
A212: 1.67 | C212: a) Additional quality control test by approved laboratory instructed by the Engineer. (The cost of tests not conforming to standards shall not be included for payment) | D212: P C Sum | E212: 1 | F212: 50000 | G212: =F212 -> 50000
A214: 1.68 | C214: b) Contractor's superintendance and administration of item above | D214: % | E214: =G212 -> 50000
A216: 1.69 | B216: C3.3.7 | C216: c) Community Liason Services | D216: P C Sum | E216: 1 | G216: 120000
A218: 1.7 | C218: d) Project Steering Committee Allowance | D218: P C Sum | E218: 1 | G218: 25000
A220: 1.71 | C220: e) Overheads, charges and profit on items (c) & (d) above | D220: % | E220: =G218+G216 -> 145000
A222: 1.72 | C222: f) Accomdation for Engineer Rep for durtaion of the project | D222: P C Sum | F222: 35000 | G222: =F222 -> 35000
A224: 1.72 | C224: g) Overheads, charges and profit on item above | D224: % | E224: =G222 -> 35000
C226: h) Allow for Specialized Asbestos Sub-Contractor. The work's design must include, methodology, dewatering methodology, construction methodology including detailed construction drawings all work to be approved by Engineer | D226: P C Sum | E226: 1 | F226: 150000 | G226: =E226*F226 -> 150000
C228: i) Overheads, charges and profit on item above | D228: % | E228: =G226 -> 150000
B230: PSA 8.8 | C230: TEMPORARY WORKS
A232: 1.73 | B232: PSA 8.2.2 | C232: Accommodation of traffic for duration of the project(Rate sal include maintance of alternative routes,temporary traffic control facilties ) | D232: Month | E232: 12
B234: PSA 8.8.4 | C234: Existing Services
A236: 1.74 | B236: PSA 5.4 | C236: d) Temporary protection, as required in terms of the project specification, of exposed services | D236: Sum | E236: 1
...

Sheet 2.SITE CLEARANCE
A2: ITEM NO | B2: PAYMENT | C2: DESCRIPTION | D2: UNIT | E2: QTY | F2: Rate | G2: Amount
B5: SABS 1200 C | C5: SECTION 2: SITE CLEARANCE
B7: 8.2 | C7: SCHEDULED ITEMS
A9: 2.1 | B9: 8.2.1 PSC 3.1 | C9: Clear and grub | D9: ha | E9: 2
B10: PSC 5.1
A12: 2.2 | B12: PSC 8.2.5 | C12: Take down existing fences and re-erect after completion of the works to original state | D12: m | E12: 1000
B14: PSC 8.2.8 | C14: Demolish and remove structures/buildings and cart
C15: away unwanted material to spoil at dumpsite
C16: (Rate will including but not limted to Break out
C17: concrete/brickwork, reinstate, make good edges
C18: and dispose of waste)
A20: 2.3 | C20: a) Informal structures and buildings smaller than 2,5m²
C21: irrespective of type of material | D21: No | E21: 10
A23: 2.4 | C23: b) Buildings/stuctures larger than 2,5 m² irrespective of type
C24: of material | D24: m² | E24: 100
C26: Dismantle and Relocate Pipelines, Electricity Transmission Lines, Cables etc (where necessary)
A28: 2.5 | C28: a) Electricity Transmission Lines | D28: m | E28: 20
A30: 2.6 | C30: b) Electrical cabling at the existing works area | D30: m | E30: 10
A32: 2.7 | C32: c) Existing sewer pipeline supply at pumpstation sumps | D32: m | E32: 20
C34: SAW-CUT AND REMOVE, SPOIL OFF-SITE TO
C35: MUNICIPAL SOLID WASTE SITE, AND REPLACE WITH
C36: NEW, AFTER INSTALLATION OF SEWER
C37: GRAVITY NETWORK PIPES
A39: 2.8 | B39: (LI) | C39: Paved Sidewalks / Driveways | D39: m² | E39: 500
A40: 2.9 | B40: (LI) | C40: Concrete Sidewalks / Driveways (15MPa Concrete) | D40: m² | E40: 250
A41: 2.1 | B41: (LI) | C41: Concrete lined stormwater drains / channels
C42: (15MPa concrete) | D42: m² | E42: 150
A44: 2.11 | B44: (LI) | C44: Stone-Pitched stormwater channels | D44: m² | E44: 75
C46: HYDROJET CLEANING OF BLOCKED SEWER LINES.
A48: 2.12 | C48: Supply all equipment and operate high pressure pumps
C49: and jets to clear blocked pipe sections.
A51: 2.13 | C51: 1) Supply of all equipment complete to hydroject
C52: exsisting pipelines | D52: Sum | E52: 2
A54: 2.14 | C54: 2) Operate and maintain equipment, including Labour,
C55: Fuel and other consumables to clear blocked
C56: sewer pipes of various sizes up to 450 mm ø | D56: m | E56: 1500
C58: VACUUM TANKERS TO PUMP OUT
C59: BLOCKED MANHOLES.
A61: 2.15 | C61: Supply tanker trucks complete with vacuum pumps to empty
C62: blocked manholes and cart sewer to the nearest WWTW .
A64: 2.16 | C64: 1) Supply of tanker trucks | D64: No. | E64: 1
A66: 2.17 | C66: 2) Operate and maintain the tanker including
C67: all running costs per manhole emptied. | D67: No. | E67: 50
A69: 2.18 | C69: 3) Supply tempory Gorman-Rupp's Super T Series
C70: self-priming centrifugal pumps that will able to pump 36 ℓ/s
C71: @ 6m head to pump exsisting sewer into manhole
C72: for duration of the works | D72: Hours | E72: =66*24 -> 1584
A74: 2.19 | C74: 4) Supply and install a temporary layflat delivery pipe
C75: between a pump and existing main in a valve chamber. | D75: Sum | E75: 1
A77: 2.2 | C77: 5) Supply and fit temporary 250mm sewer pipe plug in
C78: incomming sewer line to prevent sewerage to enter
C79: a wet well during construction. | D79: Sum | E79: 1
A81: 2.21 | C81: 6) Diverting Flow for Upgrades | D81: Sum | E81: 1
A83: 2.22 | C83: 7) Dealing with Flow for connection of new main to existing main | D83: Sum | E83: 1
A85: TOTAL SECTION 2 CARRIED FORWARD TO SUMMARY
A258: 1.79 | B258: PSA 8.12.2

Sheet 3.SEWER MAINS - EARTHWORKS
H1: 2
A2: ITEM NO | B2: PAYMENT | C2: DESCRIPTION | D2: UNIT | E2: QTY | F2: Rate | G2: Amount
B5: SABS 1200 DB | C5: SECTION 2: SITE CLEARANCE | E5: 0
B7: 8.2 PS 8.8 | C7: SCHEDULED ITEMS | E7: 0
B9: PSDB8.3.2 PS 3 | C9: Excavation (PS DB 8.3.3.4) | E9: 0
B10: PSDB8.2.4 PSLB3.4.1 | C10: Refer to dwg. no. 34609-133-1. | E10: 0
B11: PSDB 8.3.2 | C11: a) Excavate in all materials for trenches, backfill, compact, and dispose of surplus material, for pipes up to 700mm dia. for total trench depth | E11: 0
I12: =SUM('4.SEWER MAINS - SEWERS'!E15:E23) -> 4550
A13: 3.1 | C13: 1) Exceeding 0,0m but not exceeding 1,0m | D13: m³ | E13: =250*H1 -> 500
A15: 3.2 | C15: 2) Exceeding 1,0m but not exceeding 2,0m | D15: m³ | E15: 3000
A17: 3.3 | C17: 3) Exceeding 2,0m but not exceeding 3,0m | D17: m³ | E17: 4500
A19: 3.4 | C19: 4) Exceeding 3,0m but not exceeding 4,0m | D19: m³ | E19: 2000
A21: 3.5 | C21: 4) Exceeding 4,0m but not exceeding 5,0m | D21: m³ | E21: 1200
B23: PSDB 3.1 | C23: b) Extra-over items a) above for
A25: 3.6 | C25: a) Hard rock excavation | D25: m³ | E25: 1000
A27: 3.7 | B27: PLIS | C27: b) Excavation in soft material by labour based methods for trenches shallower than 1,2m and where the total depth of the trench can be classified as excavation in soft material. Compaction by labour based methods is excluded. | D27: m³ | E27: 1 | G27: Rate Only
A29: 3.8 | C29: Carefully excavate by hand in Road Reserve, to search and locate,expose, safely barricade, record services (type, size & levels for As-built) and protect existing services as identified on drawings or instructed by Engineer
A31: 3.9 | B31: PSDB 3.3 | C31: c) Excavate and dispose of unsuitable material from trench bottom (provisional) | D31: m³ | E31: 2000
A33: 3.1 | C33: d) Hand excavation to expose existing services in a careful manner | D33: m³ | E33: 500
A35: 3.11 | B35: 8.3.2 | C35: e) Excavate in all materials for combined sewer and water pipe trenches, backfill, compact and dispose of surplus material (as alternative) | D35: m³ | E35: 1 | G35: Rate Only
B37: PSDB 3.1 | C37: f) Extra-over item e) above for | E37: 0
A39: 3.12 | C39: 1) Hard rock excavation | D39: m³ | E39: 100
A41: 3.13 | B41: PLIS | C41: 2) Excavation in soft material by labour based methods for trenches shallower than 1,3m and where the total depth of the trench can be classified as excavation in soft material. Compaction by labour based methods is excluded. | D41: m³ | E41: 150
B43: PSDB8.3.3 | C43: Excavation Ancillaries | E43: 0
B45: 8.3.3.1 | C45: Make up deficiency in backfill material (provisional) | E45: 0
A47: 3.14 | C47: a) From other necessary excavations on site | D47: m³ | E47: 1 | G47: Rate Only
A49: 3.15 | C49: b) With suitable imported material | D49: m³ | E49: 6000 | G49: =F49*E49 -> 0
A51: 3.16 | B51: 8.3.3.3 | C51: c) Compaction in road reserves | D51: m³ | E51: 3000 | G51: =F51*E51 -> 0
B53: 8.3.3 | C53: Existing Services that Intersect or Adjoin a Pipe Trench(PROTECTION OF UNDERGROUND SERVICES)
C55: a) Services that intersect a trench
A57: 3.17 | C57: a) Waterconnections | D57: No | E57: =150*H1 -> 300 | G57: =F57*E57 -> 0
A59: 3.18 | C59: b) Water pipe | D59: No | E59: 90 | G59: =F59*E59 -> 0
A61: 3.19 | C61: c) Sewer pipe | D61: No | E61: 50 | G61: =F61*E61 -> 0
A63: 3.2 | C63: d) HT Underground cable | D63: No | E63: 50 | G63: =F63*E63 -> 0
A65: 3.21 | C65: e) HT Overhead cable | D65: No | E65: 50 | G65: =F65*E65 -> 0
A67: 3.22 | C67: f) LT Underground cable | D67: No | E67: 50 | G67: =F67*E67 -> 0
A69: 3.23 | C69: g) Telkom underground cable | D69: No | E69: 5 | G69: =F69*E69 -> 0
A71: 3.24 | C71: h) Telkom overhead cable | D71: No | E71: 5 | G71: =F71*E71 -> 0
A74: TOTAL CARRIED FORWARD | G74: =SUM(G13:G73) -> 0
A75: BROUGHT FORWARD | G75: =G74 -> 0
C77: b) Services that adjoin a trench
A79: 3.25 | C79: i) Water pipe | D79: m | E79: 2000 | G79: =F79*E79 -> 0
A81: 3.26 | C81: ii) Sewer pipe | D81: m | E81: 500 | G81: =F81*E81 -> 0
A83: 3.27 | C83: iii) Stormwater pipe | D83: m | E83: 1000 | G83: =F83*E83 -> 0
A85: 3.28 | C85: iv) HT Underground cable | D85: m | E85: 1000 | G85: =F85*E85 -> 0
A87: 3.29 | C87: v) HT Overhead cable | D87: m | E87: 500 | G87: =F87*E87 -> 0
A89: 3.3 | C89: vi) LT Underground cable | D89: m | E89: 500 | G89: =F89*E89 -> 0
A91: 3.31 | C91: vii) LT Overhead cable | D91: m | E91: 500 | G91: =F91*E91 -> 0
A93: 3.32 | C93: viii) Telkom underground cable | D93: m | E93: 1 | G93: Rate Only
A95: 3.33 | C95: ix) Telkom overhead cable | D95: m | E95: 1 | G95: Rate Only
B97: 8.3.6 | C97: Finishing | E97: 0
B99: 8.3.6.1 | C99: Reinstate road surfaces and side drains (SAW-CUT AND REMOVE, STOCKPILE ON-SITE TO RE-USE AFTER INSTALATION OF NEW GRAVITY BULK OUTFALL SEWER PIPELINE) | E99: 0
A101: 3.34 | C101: a) Cut and remove existing road layers works in all coarse up to 350 mm,place in windrow and stockpile on site without limiting acess of exsisting roads (Material must not be contaminated) | D101: m² | E101: =4500/2 -> 2250 | G101: =F101*E101 -> 0
A103: 3.35 | C103: b) Reinstate existing gravel layers from stockpile material to orginal state and compacted to 98% MOD AASHTO | D103: m² | E103: =4500/2 -> 2250 | G103: =F103*E103 -> 0
C105: c) Reinstate surface seal layer to match existing class,type and thickness complete | D105: m² | E105: =4500/2 -> 2250 | G105: =F105*E105 -> 0
A107: 3.36 | C107: d) Grading of streets after completion | D107: km | E107: 1.5 | G107: =F107*E107 -> 0
A109: 3.37 | C109: e) Shaping of side drains | D109: km | E109: 1.5 | G109: =F109*E109 -> 0
A111: 3.38 | C111: f) Labour and material to constructed Gravel base from existing stockpiled material chemically stabilzed with Ordinary Portland cement @ 2,5% | D111: m³ | E111: 1000 | G111: =F111*E111 -> 0
A113: 3.39 | C113: g) Reinstate existing gravel layers from imported G7 material to orginal state and compacted to 98% MOD AASHTO only on instruction of Engineer | D113: m³ | E113: 500 | G113: =F113*E113 -> 0
B115: SABS MM 8.4.1 | C115: Reinstate road markings (Provisional)
A117: 3.4 | C117: a) White lines - unbroken 100mm | D117: m | E117: 1000 | G117: =F117*E117 -> 0
B119: SANS 1200 MJ | C119: SEGMENTED PAVING (Remove and store exsisting brick paving at the on site until working area is ready for reinstatement measure under Site clearance)The items below marked (LI) must be done in a labour intensive manner
B121: 8.2.2 | C121: Construction of Block paving areas complete:
A123: 3.41 | B123: LI | C123: Carefully lift existing paving by hand for road crossings/along pipeline and stockpile | D123: m² | E123: 1300 | G123: =F123*E123 -> 0
B124: PSDB 8.3.6.1
G125: =F125*E125 -> 0
A126: 3.42 | B126: LI | C126: Lift existing kerbing combination and stockpile | D126: m | E126: 1100 | G126: =F126*E126 -> 0
A145: TOTAL CARRIED FORWARD | G145: =SUM(G75:G126) -> 0
A146: BROUGHT FORWARD | G146: =G145 -> 0
B148: PSMJ | C148: Reinstate paving with stored paving blocks
A150: 3.43 | C150: Transport, load, handle and lay exsisting 60mm fully interlocking paver (herringbone pattern grey or to match existing), on the beding sand, including cutting units to fit edge restraints, complete | D150: m² | E150: 1000 | G150: =F150*E150 -> 0
C152: Reinstate paving with new paving blocks
C154: Construction of Paving Complete:
A156: 3.44 | B156: LI | C156: 60mm Type S-A Class 30/2.0 non-textured grey interlocking concrete pavers in herringbone or match exisiting pattern on 20mm sand bed (Rate includes Cutting Units to suit edge restraints and finishing in all block paving voids, and slightly moist spray, on completion. | D156: m² | E156: 500 | G156: =F156*E156 -> 0
B158: SANS 1200 MK | C158: KERBING AND CHANNELING
B160: 8.2.1 | C160: Concrete kerbing
C162: Pre-cast Mountable Kerb (SANS Fig 8B) :
A164: 3.45 | B164: LI | C164: i) Supply and install with stored Curved kerbing complete | D164: m | E164: 50 | G164: =F164*E164 -> 0
A166: 3.46 | B166: LI | C166: ii) Supply and instal with stored Straight kerbing complete | D166: m | E166: 1000 | G166: =F166*E166 -> 0
A168: 3.47 | B168: LI | C168: iii) Supply and install New Curved kerbing complete | D168: m | E168: 50 | G168: =F168*E168 -> 0
A170: 3.48 | B170: LI | C170: iv) Supply and instal new Straight kerbing complete | D170: m | E170: 500 | G170: =F170*E170 -> 0
C172: Underdrains
A174: 3.49 | C174: 200mm thick, 19mm stone bedding complete with bidum U24 filter fabric (or similar approved) for pipes up to 355mm dia only approved by Engineer (Refer to dwg. no. 34609-133-1, Detail U1) | D174: m | E174: 1000 | G174: =F174*E174 -> 0
A222: TOTAL SECTION 3 CARRIED FORWARD TO SUMMARY | G222: =SUM(G146:G221) -> 0
A258: 1.79 | B258: PSA 8.12.2

Sheet 4.SEWER MAINS - SEWERS
A2: ITEM NO | B2: PAYMENT | C2: DESCRIPTION | D2: UNIT | E2: QTY | F2: Rate | G2: Amount
B4: SABS 1200 LD | C4: SECTION 4: SEWER MAINS - SEWERS | E4: 0
A6: 4.1 | B6: 1200 LD PS 10.6(4) | C6: SEWERS | E6: 0
A8: 4.2 | B8: 8.2.1 | C8: Supply, Lay, Joint, Bed and Test Pipeline: | E8: 0
C9: uPVC "Durodrain" or similar approved
C11: Solid Wall HD Class 34
C13: a) 110 mm dia | D13: m | E13: 120
A15: 4.3 | C15: b) 160 mm dia | D15: m | E15: 350 | G15: =F15*E15 -> 0
G16: =F16*E16 -> 0
A17: 4.4 | C17: c) 200 mm dia. | D17: m | E17: 1500 | G17: =F17*E17 -> 0
G18: =F18*E18 -> 0
A19: 4.5 | C19: d) 315 mm dia. | D19: m | E19: 2150 | G19: =F19*E19 -> 0
G20: =F20*E20 -> 0
A21: 4.4 | C21: e) 355 mm dia. | D21: m | E21: 400 | G21: =F21*E21 -> 0
G22: =F22*E22 -> 0
A23: 4.5 | C23: f) 400 mm dia. | D23: m | E23: 150 | G23: =F23*E23 -> 0
G24: =F24*E24 -> 0
B25: 8.2.1 | C25: Supply, Lay, Joint, Bed and Test Pipeline: uPVC | E25: 0 | G25: =F25*E25 -> 0
C26: "Ultracor" or similar approved | G26: =F26*E26 -> 0
C27: (multi-layer, HD class 400)
A29: 4.6 | C29: a) 160 mm dia | D29: m | E29: 1 | G29: Rate Only
A31: 4.7 | C31: b) 200 mm dia. | D31: m | E31: 1 | G31: Rate Only
A33: 4.8 | C33: c) 315 mm dia. | D33: m | E33: 1 | G33: Rate Only
E34: 0
A35: 4.9 | C35: d) 355 mm dia. | D35: m | E35: 1 | G35: Rate Only
A37: 4.1 | C37: e) 400 mm dia. | D37: m | E37: 1 | G37: Rate Only
A39: 4.11 | B39: 8.2.2 | C39: a) 45 ° reducing junction from 315 mm to 160mm ø with 45° x PVC bend to receive erf sewer collector | D39: No | E39: 50 | G39: =F39*E39 -> 0
G40: =F40*E40 -> 0
A41: 4.12 | C41: b) 45 ° reducing junction from 315 mm to 200 ø with 45° x PVC bend to receive erf sewer collector | D41: No | E41: 50 | G41: =F41*E41 -> 0
G42: =F42*E42 -> 0
B43: 8.2.7 | C43: Encasing of pipes in concrete | G43: =F43*E43 -> 0
G44: =F44*E44 -> 0
C45: a) For connection between erf sewer collector and sewer mains at depths greater than 1,2 m according to detail on drawing | D45: No | E45: 5 | G45: =F45*E45 -> 0
G46: =F46*E46 -> 0
B47: 8.2.8 | C47: Anchor Blocks | G47: =F47*E47 -> 0
G48: =F48*E48 -> 0
A49: 4.13 | C49: a) As per detail drawing | D49: No | E49: 1 | G49: Rate Only
B51: 8.2.3 PSLD3.5.2 | C51: MANHOLES | E51: 0
B52: PSLD3.5.8 PSLD5.6.3 | E52: 0
C53: 1000 dia. Complete as per drawing for depth between: | E53: 0
A55: 4.14 | C55: a) 0,00m and 1,00m | D55: No | E55: 5
A57: 4.15 | C57: b) 1,01m and 1,50m | D57: No | E57: 15
A59: 4.16 | C59: c) 1,51m and 2,00m | D59: No | E59: 20
A61: 4.17 | C61: d) 2,01m and 2,50m | D61: No | E61: 25
A63: 4.18 | C63: e) 2,51m and 3,00m | D63: No | E63: 25
A65: 4.19 | C65: f) 3,01m and 3,50m | D65: No | E65: 15
A67: 4.2 | C67: g) 3.51 and 4.00m | D67: No | E67: 10
A69: 4.21 | C69: h) 4.01m and 4.5 m | D69: No | E69: 5
B71: 8.2.4 | C71: Extra over Item 8.2.3 for Backdrops, etc.
A73: 4.22 | C73: a) High inlet ramp type complete as per dwg. no. 34609-133-5 | D73: No | E73: 1 | G73: Rate Only
A75: 4.23 | C75: b) High inlet vertical drop type complete as per dwg. no. 34609-133-5 | D75: No | E75: 5
A77: 4.24 | C77: c) Provisional for upgrading of manhole lids with locking mechanisim only instructed by Engineer | D77: No | E77: 50
A81: TOTAL CARRIED FORWARD | G81: =SUM(G15:G80) -> 0
A82: BROUGHT FORWARD | G82: =+G81 -> 0
B84: PSLD8.2.11 | C84: a) Connecting to Existing Manhole for depth
A86: 4.25 | C86: i) 0,00m and 1,00m | D86: No | E86: 10
A88: 4.26 | C88: ii) 1,01m and 1,50m | D88: No | E88: 15
A90: 4.27 | C90: iii) 1,51m and 2,00m | D90: No | E90: 20
A92: 4.28 | C92: iv) 2,01m and 2,50m | D92: No | E92: 15
A94: 4.29 | C94: v) 2,51m and 3,00m | D94: No | E94: 10
A96: 4.3 | C96: vi 3.01 m and 3.5 m | D96: No | E96: 5
A98: 4.31 | C98: vii) 3.51 and 4.00 m | D98: No | E98: 2
C100: b) Connecting from existing Main Sewer to new Outfall sewer detailed as per drawing inlcuding all pipe work (Break into and connect to existing internal sewer pipes inside Private Properties. Connect and repair complete.)
A102: 4.32 | C102: i) 160mm sewer | D102: No | E102: 50
A104: 4.33 | C104: ii) 200 mm sewer | D104: No | E104: 25
A106: 4.34 | C106: iii) 300 mm sewer | D106: No | E106: 15
C108: Rodding eye manholes
A110: 4.35 | C110: Supply and install rodding eye manholes | D110: No | E110: 1 | G110: Rate Only
C111: complete including all excavations and
C112: backfill as per dwg. no. 34609-133-3
C114: Manhole Repairs:
C116: Repair existing manhole with calcium aluminate mortar (Sika MonoTop 4400 MIC or similar approved) for manhole depths between: (as per dwg. no. 34609-133-5, detail R1)
A118: 4.36 | C118: i) 0,00m and 1,00m | D118: No | E118: 1
A120: 4.37 | C120: ii) 1,01m and 2,00m | D120: No | E120: 10
A122: 4.38 | C122: iv) 2,01m and 3,00m | D122: No | E122: 10
A124: 4.39 | C124: vi 3.01 m and 4.00m | D124: No | E124: 2
A126: 4.4 | C126: Break out existing manhole benching and reconstruct new | D126: No | E126: 80
C127: manhole benching, including all labour, materials
C128: , blocking off and dealing with sewer
C129: (as per dwg. no. 34609-133-5, detail R8)
A162: TOTAL SECTION 4 CARRIED FORWARD TO SUMMARY | G162: =SUM(G82:G161) -> 0
A258: 1.79 | B258: PSA 8.12.2

Sheet 5.SEWER MAINS - BEDDING
A2: ITEM NO | B2: PAYMENT | C2: DESCRIPTION | D2: UNIT | E2: QTY | F2: Rate | G2: Amount
B5: SABS 1200 LB | C5: SECTION 5: SEWER MAINS - BEDDING | E5: 0
B7: PS 10.6(3) | C7: SCHEDULED ITEMS | E7: 0
C9: Refer to dwg. no. 34609-133-1
B11: 8.2.1 PSLB3.4.1 | C11: Provision of Bedding from Trench Excavation with unlimited free haul distance | E11: 0
B13: PSLB8.1.6 | E13: 0
A15: 5.1 | B15: 8.2.1 | C15: a) Selected granular material | D15: m³ | E15: 1 | G15: Rate Only
A17: 5.2 | B17: PSLB 5.1.3.5 | C17: b) Selected fill material | D17: m³ | E17: 1 | G17: Rate Only
B19: 8.2.2 | C19: Supply only of Bedding by Importation
B21: 8.2.2.3 | C21: From Commercial sources (Provisional)
A23: 5.3 | C23: a) Selected granular material | D23: m³ | E23: 750
A25: 5.4 | B25: PSLB 5.1.3.5 | C25: b) Selected fill material | D25: m³ | E25: 2500
B27: 8.2.4 | C27: Encasing of Pipes in Concrete | E27: 0
A29: 5.5 | C29: a) 0 to 200mm dia. pipes in concrete (Class 15/19 concrete) only on instruction by Engineer | D29: m³ | E29: 20
B31: PSLB 8.2.6 | C31: Encasing of Pipes in Soilcrete
A33: 5.7 | C33: a) 0 to 200mm dia. pipes in soilcrete as per drawing (12% cement added per volume) vibrated as for concrete as only on instruction by Engineer | D33: m³ | E33: 50
A85: TOTAL SECTION 5 CARRIED FORWARD TO SUMMARY
A258: 1.79 | B258: PSA 8.12.2

Sheet 6.HORISONTAL DRILLING
A2: ITEM NO | B2: PAYMENT | C2: DESCRIPTION | D2: UNIT | E2: QTY | F2: Rate | G2: Amount
A5: 6 | C5: SECTION 6: HORISONTAL DIRECTIONAL DRILLING
B6: PLX | C6: TRENCHLESS PIPE INSTALLATION
C8: Refer to dwg. no. 34609-133-6
B10: PLX 8.1 | C10: SITE ESTABLISHMENT OF DRILLING CONTRACTOR
A12: 6.1 | C12: Fixed costs to establish "HDD" Plant, equipment, labourers etc in Kgotsong.Cost to incl Construction Mangement, Office Over-head costs, Method Statement, Transport to site, Accommodation and OHS requirements as specified, for full duration of "HDD" processes on site | D12: Sum | E12: 1
B14: PLX 8.2 | C14: TRAFFIC ACCOMMODATION AT “HDD” ROAD SECTIONS
A16: 6.2 | C16: Traffic Accommodation & Road signs, as well as flagmen, at each "HDD" position, for full duration of "HDD" processes on site. | D16: Sum | E16: 1
B18: PLX 8.3 | C18: SETTING UP AT EACH DRILLING LOCATION
A20: 6.3 | B20: PLX 8.3.1 | C20: Move and Re-establish "HDD" plant at next position. | D20: Sum | E20: - | G20: Rate only
B22: PLX 8.3.2 | C22: Excavation and Preparation of Launch and Reception Pits | D22: No | E22: 2 | G22: =F22*E22 -> 0
G23: =F23*E23 -> 0
A24: 6.4 | C24: Wayleave Application to all authorities | D24: Sum | E24: 1 | G24: =F24*E24 -> 0
A26: 6.5 | C26: Scanning of Road/Railway Crossing for External Services | D26: Sum | E26: - | G26: Rate only
A28: 6.6 | B28: PLX 8.4 | C28: Drilling of Pipes in Soft material, reaming and installation
C29: of x1 Class 10 HDPE PE100 pipe for pipe
C30: diameter, inclusive of BUTT WELDING each section of pipe.
A32: 6.6.1 | C32: a) 200mm dia HDPE pipe | D32: m | E32: 200 | G32: =F32*E32 -> 0
A34: 6.6.2 | C34: b) 250mm dia HDPE pipe | D34: m | E34: 100 | G34: =F34*E34 -> 0
A36: 6.6.3 | C36: c) 315mm dia HDPE pipe | D36: m | E36: 50 | G36: =E36*F36 -> 0
A38: 6.6.4 | C38: d) 355 mm dia HDPE pipe | D38: m | E38: 50 | G38: =E38*F38 -> 0
A40: 6.7 | C40: EXTRA OVER : ITEM 6.6 : DRILLING IN ROCK | D40: m | E40: - | G40: Rate only
C42: Standing Time
A43: 6.8 | C43: Standing Time for Drilling Team & Equipment | D43: Hour | E43: =9*3 -> 27 | G43: =E43*F43 -> 0
A82: TOTAL SECTION 6 CARRIED FORWARD TO SUMMARY
A258: 1.79 | B258: PSA 8.12.2

Sheet 7.PIPE CRACKING
A2: ITEM NO | B2: PAYMENT | C2: DESCRIPTION | D2: UNIT | E2: QTY | F2: Rate | G2: Amount
A5: 7 | B5: PLX | C5: SECTION 7: PIPE CRACKING / BURSTING
B6: SASTT-TS-TT2
C7: Refer to dwg. no. 34609-133-6
B9: PLX 8.1 | C9: SITE ESTABLISHMENT OF PIPE CRACKING CONTRACTOR
A11: 7.1 | C11: Fixed costs to establish Pipe Bursting / Cracking Plant, equipment, labourers etc in Kgotsong. Cost to include Construction Mangement, Office Over-head costs, Method Statement, Transport to site, Accommodation and OHS requirements as specified, for full duration of the Pipe Bursting / Cracking processes on site | D11: Sum | E11: 1 | G11: =F11*E11 -> 0
B13: PLX 8.2 | C13: TRAFFIC ACCOMMODATION
A15: 7.2 | C15: Traffic Accommodation & Road signs, as well as flagmen, at each Pipe Bursting / Cracking position, for full duration of Pipe Bursting / Cracking processes on site | D15: Sum | E15: 1 | G15: =F15*E15 -> 0
B17: PLX 8.3 | C17: SETTING UP AT EACH PIPE CRACKING LOCATION
A19: 7.3 | B19: PLX 8.3.1 | C19: Move and Re-establish Pipe Bursting / Cracking plant at next position. | D19: No | E19: 4 | G19: =F19*E19 -> 0
A21: 7.4 | C21: Wayleave Application to all Authorities | D21: Sum | E21: - | G21: Rate only
B23: SASTT-TS-TT2 1.1 | C23: Supply, handle, lay and test through pipe cracking including supply of equipment: HDPE PE 100 PN10 (SDR 17)
A25: 7.5 | C25: a) 200mm dia | D25: m | E25: 40 | G25: =F25*E25 -> 0
A27: 7.6 | C27: a) 250mm dia | D27: m | E27: 40 | G27: =F27*E27 -> 0
A29: 7.7 | C29: b) 315mm dia | D29: m | E29: 40 | G29: =E29*F29 -> 0
A31: 7.8 | C31: c) 355 mm dia | D31: m | E31: 40 | G31: =E31*F31 -> 0
B33: SASTT-TS-TT2 1.3 | C33: Construct pit for insertion / pulling of replacement pipe between manholes. Rate shall include all materials and labour required:
A35: 7.9 | C35: a) Depth to invert up to 2,0m | D35: No. | E35: 2 | G35: =F35*E35 -> 0
A37: 7.1 | C37: b) Depth to invert from 2,01m to 3,0m | D37: No. | E37: 4 | G37: =E37*F37 -> 0
A39: 7.11 | C39: c) Depth to invert from 3,01m to 4,0m | D39: No. | E39: 2 | G39: =E39*F39 -> 0
A41: 7.12 | B41: SASTT-TS-TT2 1.2 | C41: Allow for reconnecting house connections. Rate shall include excavation, backfilling, labour and all fittings required | D41: No. | E41: =SUM(E25:E31)/20 -> 8 | G41: =E41*F41 -> 0
A43: 7.13 | C43: Point repairs to sewers of all diameters before pipe cracking. Rate shall include all materials and labour required | D43: No. | E43: =E41 -> 8 | G43: =E43*F43 -> 0
C45: CCTV Surveys
A47: 7.14 | C47: CCTV camera survey of pipelines after upgrade works, of all diameters, including any cleaning required | D47: m | E47: =SUM(E25:E31) -> 160 | G47: =E47*F47 -> 0
A70: TOTAL SECTION 17 CARRIED FORWARD TO SUMMARY
A258: 1.79 | B258: PSA 8.12.2

Sheet 8.SECTION-1700
A2: ITEM NO | B2: PAYMENT | C2: DESCRIPTION | D2: UNIT | E2: QTY | F2: Rate | G2: Amount
A5: 8 | C5: SECTION 8: 1700 CLEARING AND GRUBBING
A7: 8.1 | C7: Clearing and grubbing | D7: ha | E7: 0.5
C9: Removal and grubbing of large trees and
C10: tree stumps:
A12: 8.2 | C12: (a) Girth exceeding 1 m up to and including 2 m
A14: 8.3 | C14: Re-clearing of surfaces (on written instruction of the Engineer Only) | D14: ha | E14: =E7/2 -> 0.25
A16: 8.4 | C16: Cleaning and grubbing at inlets and outlets of hydraulic structures | D16: m2 | E16: 20
C18: Cleaning out of Hydraulic structures
A20: 8.5 | C20: a) Pipes with internal diameter up to and including 750mm | D20: m3 | E20: 1 | G20: Rate only
A22: 8.6 | C22: c) Box culvetsup to and including 1.5m vertical | D22: m3 | E22: 10 | G22: =IF(OR(AND(E22="Prov",F22="Sum"),(F22="PC Sum")),". . . . . . . . .00",IF(ISERR(E22*F22),"",IF(E22*F22=0,"",ROUND(E22*F22,2))))
A87: TOTAL SECTION 8 CARRIED FORWARD TO SUMMARY
A258: 1.79 | B258: PSA 8.12.2

Sheet 9.SECTION-2100 
A2: ITEM NO | B2: PAYMENT | C2: DESCRIPTION | D2: UNIT | E2: QTY | F2: Rate | G2: Amount
A5: 9 | C5: SECTION 9: 2100 DRAINS
C7: Excavation for open drains:
C9: a) Excavating soft material situated within the following depth ranges below the surface level
A11: 9.1 | C11: (i) 0 m up to 1,5 m (LI) | D11: m³ | E11: 10 | G11: =F11*E11 -> 0
A13: 9.2 | C13: b) Extra over subitem 21.01(a) for excavation | D13: m³ | E13: 1 | G13: Rate only
A15: 9.3 | C15: Clearing and shaping existing open drains (LI) | D15: m³ | E15: 20 | G15: =F15*E15 -> 0
A88: TOTAL SECTION 9 CARRIED FORWARD TO SUMMARY
A258: 1.79 | B258: PSA 8.12.2

Sheet 10.SECTION-2200 
A2: ITEM NO | B2: PAYMENT | C2: DESCRIPTION | D2: UNIT | E2: QTY | F2: Rate | G2: Amount
A5: 10 | C5: SECTION 10: 2200 PREFABRICATED CULVERTS
C7: Excavation:
C9: a)Excavating soft material situated within the following depth ranges below the surface level
A11: 10.1 | C11: (i) 0 m up to 1,5 m | D11: m³ | E11: =2*8*3*3+6 -> 150 | G11: =F11*E11 -> 0
A13: 10.2 | C13: (ii) Exceeding 1,5 m and up to 3,0 m | D13: m³ | E13: =E11*20% -> 30 | G13: =F13*E13 -> 0
A15: 10.3 | C15: b)Extra over subitem 22.01(a) for excavation in hard material, irrespective of depth | D15: m³ | E15: 1 | G15: Rate only
C17: Backfilling:
A19: 10.4 | C19: (a)Using the excavated material | D19: m³ | E19: 1 | G19: Rate only
G20: =IF(OR(AND(E20="Prov",F20="Sum"),(F20="PC Sum")),". . . . . . . . .00",IF(ISERR(E20*F20),"",IF(E20*F20=0,"",ROUND(E20*F20,2))))
A21: 10.5 | C21: (b)Using imported selected material | D21: m³ | E21: 15 | G21: =IF(OR(AND(E21="Prov",F21="Sum"),(F21="PC Sum")),". . . . . . . . .00",IF(ISERR(E21*F21),"",IF(E21*F21=0,"",ROUND(E21*F21,2))))
G22: =IF(OR(AND(E22="Prov",F22="Sum"),(F22="PC Sum")),". . . . . . . . .00",IF(ISERR(E22*F22),"",IF(E22*F22=0,"",ROUND(E22*F22,2))))
A23: 10.6 | C23: (c)Extra over subitems 22.02(a) and (b) for soil cement backfilling containing 3% cement* | D23: m³ | E23: 2.5 | G23: =F23*E23 -> 0
C25: Concrete pipe culverts:
A27: 10.7 | C27: (a)On class A bedding:
A29: 10.8 | C29: i) 450mm dia 100D | D29: m | E29: =5*2*2.5 -> 25 | G29: =F29*E29 -> 0
C31: Cast in situ concrete and formwork:
C33: (a)In class A bedding, screeds and the encasing for pipes, including formwork:
A35: 10.9 | C35: (i) Grade 30 concréte | D35: m³ | E35: 2 | G35: =F35*E35 -> 0
C37: (b) In floor slabs for portal or rectangular culverts, including formwork, joints and class U2 surface finish:
A39: 10.1 | C39: (i) Grade 30 concrete | D39: m³ | E39: 1 | G39: =F39*E39 -> 0
C41: Steel reinforcement:
A43: 10.11 | C43: (a) Mild steel bars | D43: t | E43: 1 | G43: Rate only
G44: =IF(OR(AND(E44="Prov",F44="Sum"),(F44="PC Sum")),". . . . . . . . .00",IF(ISERR(E44*F44),"",IF(E44*F44=0,"",ROUND(E44*F44,2))))
A45: 10.12 | C45: (b) High-tensile steel bars | D45: t | E45: 1 | G45: Rate only
G46: =IF(OR(AND(E46="Prov",F46="Sum"),(F46="PC Sum")),". . . . . . . . .00",IF(ISERR(E46*F46),"",IF(E46*F46=0,"",ROUND(E46*F46,2))))
A47: 10.13 | C47: (c) Welded steel fabric | D47: kg | E47: 20 | G47: =IF(OR(AND(E47="Prov",F47="Sum"),(F47="PC Sum")),". . . . . . . . .00",IF(ISERR(E47*F47),"",IF(E47*F47=0,"",ROUND(E47*F47,2))))
C49: Manholes, catchpits, precast inlet and outlet structures complete:
A51: 10.14 | C51: Manholes from engineering bricks (1.5m x 1.5m x 1.5m from
C52: NFX Burnt Clay Masonry complying with SANS 227 on
C53: 150mm Class 20/19 concrete) | D53: number | E53: 1 | G53: Rate only
C55: Catchpits:
A57: 10.15 | C57: from precast concrete | D57: number | E57: 1 | G57: Rate only
C59: Brickwork:
A61: 10.16 | C61: (b) 230 mm thick | D61: m² | E61: 10 | G61: =IF(OR(AND(E61="Prov",F61="Sum"),(F61="PC Sum")),". . . . . . . . .00",IF(ISERR(E61*F61),"",IF(E61*F61=0,"",ROUND(E61*F61,2))))
A63: 10.17 | C63: Benching | D63: m² | E63: 10 | G63: =IF(OR(AND(E63="Prov",F63="Sum"),(F63="PC Sum")),". . . . . . . . .00",IF(ISERR(E63*F63),"",IF(E63*F63=0,"",ROUND(E63*F63,2))))
A83: TOTAL SECTION 10 CARRIED FORWARD TO SUMMARY
A258: 1.79 | B258: PSA 8.12.2

Sheet 11.SECTION-2300 
A2: ITEM NO | B2: PAYMENT | C2: DESCRIPTION | D2: UNIT | E2: QTY | F2: Rate | G2: Amount
A5: 11 | C5: SECTION 11: 2300 KERBS
C7: Concrete kerbing:
A9: 11.1 | C9: a) Prefabricated mountable kerb, SANS 927 Fig 8c, on straight sections (as per detail drawings) (LI) | D9: m | E9: 100 | G9: =E9*F9 -> 0
A11: 11.2 | C11: b) Prefabricated mountable kerb, SANS 927 Fig 8c, on curved sections (as per detail drawings) (LI) | D11: m | E11: 25 | G11: =E11*F11 -> 0
A13: 11.3 | C13: c) Prefabricated barrier kerb, SANS 927 Fig 3, on straight sections (as per detail drawings) (LI) | D13: m | E13: 100 | G13: Rate only
A15: 11.4 | C15: d) Prefabricated barrier kerb, SANS 927 Fig 3, on curved sections (as per detail drawings) (LI) | D15: m | E15: 25 | G15: Rate only
A17: 11.5 | C17: e) Prefabricated edge restraint, SANS 927 Fig 10, on straight sections (as per detail drawings) (LI) | D17: m | E17: 100 | G17: =E17*F17 -> 0
A19: 11.6 | C19: f) Prefabricated edge restraint, SANS 927 Fig 10, on curved sections (as per detaildrawings) (LI) | D19: m | E19: 25 | G19: =E19*F19 -> 0
A21: 11.7 | C21: g) Prefabricated mountable kerb, SANS 927 Fig 14, on straight sections (as per detail drawings) (LI) | D21: m | E21: 100 | G21: =E21*F21 -> 0
A23: 11.8 | C23: h) Prefabricated mountable kerb, SANS 927 Fig 14, on curved sections (as per detail drawings) (LI) | D23: m | E23: 25 | G23: =E23*F23 -> 0
A25: 11.9 | C25: i) Cast in situ concrete Class 30/19 edge beam (as per detail drawings) (LI) | D25: m | E25: 100 | G25: =E25*F25 -> 0
C27: Inlet, outlet, transition and similar structures (as indicated by the Engineer on site)
C29: (a) Concrete:
A31: 11.1 | C31: Class 25 / 19 concrete (LI) | D31: m³ | E31: 2 | G31: =F31*E31 -> 0
C33: Trimming of excavations for concrete-lined open channels/drains:
C35: Concrete lined open channels/drains:(Cast in situ concrete channels and concrete stormwater structures as shown on drawings).
A37: 11.11 | C37: a) Cast in situ Class 25 /19 concrete Channel (1x0.1 Stormwater trapezoidal-Channel) (LI) | D37: m³ | E37: 5 | G37: =F37*E37 -> 0
A39: 11.12 | C39: b) Cast in situ Class 30 /19 concrete road crossing channel (3x0.1 Stormwater trapezoidal-Channel) (LI) | D39: m³ | E39: 10 | G39: =F39*E39 -> 0
A41: 11.13 | C41: c) Cast in situ Class 15 /19 blinding concrete (LI) | D41: m³ | E41: 1 | G41: Rate only
A43: 11.14 | C43: Class U2 surface finish to cast in situ concrete in trapezoidal and v-drains (LI) | D43: m² | E43: 100 | G43: =E43*F43 -> 0
C45: Formwork to cast in situ concrete lining for open drains (class F2 surface finish):
A47: 11.15 | C47: a) To sides with formwork on external face (LI) | D47: m² | E47: 15 | G47: =F47*E47 -> 0
A49: 11.16 | C49: b)To ends of slabs (LI) | D49: m² | E49: 2 | G49: =F49*E49 -> 0
C51: Steel reinforcement:
C53: Welded steel fabric as shown on drawings
A55: 11.17 | C55: a) Mesh Ref 193 to stormwater channel | D55: m² | E55: 100 | G55: =F55*E55 -> 0
A72: TOTAL SECTION 11 CARRIED FORWARD TO SUMMARY
A258: 1.79 | B258: PSA 8.12.2

Sheet 12.SECTION-3300
A2: ITEM NO | B2: PAYMENT | C2: DESCRIPTION | D2: UNIT | E2: QTY | F2: Rate | G2: Amount
A5: 12 | C5: SECTION 12: 3300 MASS EARTHWORKS
C7: Cut and borrow to fill from existing road layers
C9: a) Material in compacted layer thicknesses of 200 mm
C10: and less:
A12: 12.1 | C12: i) Compacted to 93% of modified AASHTO density (only
C13: on approval of the Engineer) | D13: m³ | E13: 5 | G13: =E13*F13 -> 0
A15: 12.2 | C15: ii) Compacted to 95% of modified AASHTO density | D15: m³ | E15: 1 | G15: Rate only
C17: Cut to spoil, including all haul. Material obtained from:
A19: 12.3 | C19: a) Soft excavation | D19: m³ | E19: 150 | G19: =E19*F19 -> 0
A21: 12.4 | C21: b) Hard excavation | D21: m³ | E21: 1 | G21: Rate only
A23: 12.5 | C23: c) Boulder excavation class A | D23: m³ | E23: 1 | G23: Rate only
C25: Removal of unsuitable material, including all haul:
C27: In layer thicknesses of 200 mm and less:
A29: 12.6 | C29: a) Stable material | D29: m³ | E29: 1 | G29: Rate only
A31: 12.7 | C31: b) Unstable material (only on approval of the Engineer) | D31: m³ | E31: 25
A33: 12.8 | C33: Material temporarily removed and placed in a windrow | D33: m³ | E33: 1 | G33: Rate only
C35: In situ treatment of roadbed:
A37: 12.9 | C37: a) In situ treatment by ripping | D37: m³ | E37: 150 | G37: =E37*F37 -> 0
A89: TOTAL SECTION 12 CARRIED FORWARD TO SUMMARY
A258: 1.79 | B258: PSA 8.12.2

Sheet 13.SECTION-3400
A2: ITEM NO | B2: PAYMENT | C2: DESCRIPTION | D2: UNIT | E2: QTY | F2: Rate | G2: Amount
A5: 13 | C5: SECTION 13: 3400 PAVEMENT LAYERS
C6: OF GRAVEL MATERIAL
C8: Pavement layers constructed from gravel obtained from existing pavement layers:
C10: Gravel selected layer compacted to:
A12: 13.1 | C12: a) 93% of modified AASHTO density for a compacted layer thickness of 150 mm (only on approval of the Engineer) | D12: m³ | E12: 150 | G12: =E12*F12 -> 0
C14: Gravel sub-base (unstabilized gravel) compacted to:
A16: 13.2 | C16: b) 95% of modified AASHTO density for a compacted layer thickness of 150 mm | D16: m³ | E16: 1 | G16: Rate only
C19: Pavement layers constructed from gravel obtained
C20: from commercial sources or approved sources
C21: provided by the contractor,including all haul:
C23: Gravel selected layer from G9 material (unstabilized gravel) compacted to:
A25: 13.3 | C25: a) 93% of modified AASHTO density for a compacted layer thickness of 150 mm | D25: m³ | E25: 150 | G25: =E25*F25 -> 0
C27: Gravel subbase from G7 material (unstabilized gravel) compacted to:
A29: 13.4 | C29: b) 95% of modified AASHTO density for a compacted layer thickness of 150 mm | D29: m³ | E29: 125 | G29: =E29*F29 -> 0
C31: Gravel base from G5 material chemically stabilized to C4 and compacted to:
A33: 13.5 | C33: c) 97% of modified AASHTO density for a compacted layer thickness of 150mm | D33: m³ | E33: 140 | G33: =E33*F33 -> 0
A80: TOTAL SECTION 13 CARRIED FORWARD TO SUMMARY
A258: 1.79 | B258: PSA 8.12.2

Sheet 14.SECTION-3500
A2: ITEM NO | B2: PAYMENT | C2: DESCRIPTION | D2: UNIT | E2: QTY | F2: Rate | G2: Amount
A5: 14 | C5: SECTION 14: 3500 STABILIZATION
C7: Chemical stabilization extra over unstabilized
A9: 14.1 | C9: a) Gravel subbase, 150mm thick | D9: m³ | E9: 1 | G9: Rate only
A11: 14.2 | C11: b) Gravel base, 150mm thick | D11: m³ | E11: =1050*1.05*0.15 -> 165.375 | G11: =E11*F11 -> 0
C13: Chemical stabilizing agent:
A15: 14.3 | C15: a) Ordinary Portland cement @ 2,5% | D15: t | E15: 9 | G15: =E15*F15 -> 0
A89: TOTAL SECTION 14 CARRIED FORWARD TO SUMMARY
A258: 1.79 | B258: PSA 8.12.2

Sheet 15.SECTION-5100 
A2: ITEM NO | B2: PAYMENT | C2: DESCRIPTION | D2: UNIT | E2: QTY | F2: Rate | G2: Amount
A5: 15 | C5: SECTION 15: 5100 PITCHING
C7: Stone pitching
A9: 15.1 | C9: a) Grouted stone pitching on a concrete bed
C10: (75 - 150mm thick Class 25/19) (LI) | D10: m² | E10: 100 | G10: =F10*E10 -> 0
A89: TOTAL SECTION 15 CARRIED FORWARD TO SUMMARY
A258: 1.79 | B258: PSA 8.12.2

Sheet 16.SECTION-7300 
A2: ITEM NO | B2: PAYMENT | C2: DESCRIPTION | D2: UNIT | E2: QTY | F2: Rate | G2: Amount
A5: 16 | C5: SECTION 16: 7300 CONCRETE BLOCK PAVING
C7: Concrete block paving:
A9: 16.1 | C9: a) 60mm concrete segmeted paving blocks (SANS 1058)
C10: 40/2.6 Type S-A laid on a 20mm thick sand bedding
C11: vibrated to locked up condition (LI) | D11: m² | E11: =6*100 -> 600 | G11: =F11*E11 -> 0
A13: 16.2 | C13: b) 80mm concrete segmeted paving blocks (SANS 1058)
C14: 40/2.6 Type S-A laid on a 20mm thick sand bedding
C15: vibrated to locked up condition (LI) | D15: m² | E15: =6*100 -> 600 | G15: =F15*E15 -> 0
A17: 16.3 | C17: Cast in situ concrete edge and intermediate beams
C18: (in positions approved by the Engineer) | D18: m³ | E18: 2 | G18: =E18*F18 -> 0
A88: TOTAL SECTION 16 CARRIED FORWARD TO SUMMARY
A258: 1.79 | B258: PSA 8.12.2

Sheet 17.SECTION-8100 
A2: ITEM NO | B2: PAYMENT | C2: DESCRIPTION | D2: UNIT | E2: QTY | F2: Rate | G2: Amount
A5: 17 | C5: SECTION 17: 8100 TEST MATERIALS
C6: AND WORKMANSHIP
C8: Compaction - and Concrete Tests requested
C9: by the Engineer:
A11: 17.1 | B11: 81.02 (a) | C11: a) Cost of testing | D11: PC Sum | E11: 1 | F11: 30000 | G11: =F11*E11 -> 30000
A13: 17.2 | C13: b) Handling cost and profit in respect of subitem
C14: 81.02 (a) above | D14: % | E14: =G11 -> 30000
A88: TOTAL SECTION 17 CARRIED FORWARD TO SUMMARY
A258: 1.79 | B258: PSA 8.12.2

Sheet Summary
A5: SUMMARY OF SECTIONS
A9: Description | B9: Amount
A10: ='1.PRELIMINARY & GENERAL'!C5 -> SECTION 1: PRELIMINARY AND GENERAL | B10: ='1.PRELIMINARY & GENERAL'!G405 -> 0
A11: ='2.SITE CLEARANCE'!C5 -> SECTION 2: SITE CLEARANCE | B11: ='2.SITE CLEARANCE'!G85 -> 0
A12: ='3.SEWER MAINS - EARTHWORKS'!C5 -> SECTION 2: SITE CLEARANCE | B12: ='3.SEWER MAINS - EARTHWORKS'!G222 -> 0
A13: ='4.SEWER MAINS - SEWERS'!C4 -> SECTION 4: SEWER MAINS - SEWERS | B13: ='4.SEWER MAINS - SEWERS'!G162 -> 0
A14: ='5.SEWER MAINS - BEDDING'!C5 -> SECTION 5: SEWER MAINS - BEDDING | B14: ='5.SEWER MAINS - BEDDING'!G85 -> 0
A15: ='6.HORISONTAL DRILLING'!C5 -> SECTION 6: HORISONTAL DIRECTIONAL DRILLING | B15: ='6.HORISONTAL DRILLING'!G82 -> 0
A16: ='7.PIPE CRACKING'!C5 -> SECTION 7: PIPE CRACKING / BURSTING | B16: ='7.PIPE CRACKING'!G70 -> 0
A17: ='8.SECTION-1700'!C5 -> SECTION 8: 1700 CLEARING AND GRUBBING | B17: ='8.SECTION-1700'!G87 -> 0
A18: ='9.SECTION-2100 '!C5 -> SECTION 9: 2100 DRAINS | B18: ='9.SECTION-2100 '!G88 -> 0
A19: ='10.SECTION-2200 '!C5 -> SECTION 10: 2200 PREFABRICATED CULVERTS | B19: ='10.SECTION-2200 '!G83 -> 0
A20: ='11.SECTION-2300 '!C5 -> SECTION 11: 2300 KERBS | B20: ='11.SECTION-2300 '!G72 -> 0
A21: ='12.SECTION-3300'!C5 -> SECTION 12: 3300 MASS EARTHWORKS | B21: ='12.SECTION-3300'!G89 -> 0
A22: ='13.SECTION-3400'!C5 -> SECTION 13: 3400 PAVEMENT LAYERS | B22: ='13.SECTION-3400'!G80 -> 0
A23: ='14.SECTION-3500'!C5 -> SECTION 14: 3500 STABILIZATION | B23: ='14.SECTION-3500'!G89 -> 0
A24: ='15.SECTION-5100 '!C5 -> SECTION 15: 5100 PITCHING | B24: ='15.SECTION-5100 '!G89 -> 0
A25: ='16.SECTION-7300 '!C5 -> SECTION 16: 7300 CONCRETE BLOCK PAVING | B25: ='16.SECTION-7300 '!G88 -> 0
A26: ='17.SECTION-8100 '!C5 -> SECTION 17: 8100 TEST MATERIALS | B26: ='17.SECTION-8100 '!G88 -> 0
A28: SUB-TOTAL (1) (TOTAL OF SECTIONS) | B28: =SUM(B10:B27) -> 0
A31: ADD: CONTINGENCIES (10%) (Allow the sum of 10% (ten percent) of the above Sub-total 1 for Contingencies to be spent as the Engineer may direct and to be deducted in whole or in part if not required.) | B31: =B28*10% -> 0
A32: SUB-TOTAL 2 (SUB TOTAL 1 + 10% CONTINGENCIES) | B32: =B28+B31 -> 0
A33: ADD: PRICE ESCALATION ALLOWANCE OF 10 % TO SUB TOTAL 1 | B33: =B28*10% -> 0
A34: SUB-TOTAL 3 (SUB-TOTAL 2 + 10% CPA) | B34: =B32+B33 -> 0
A35: ADD: VAT (15%) SUB-TOTAL 3 | B35: =B34*15% -> 0
A36: TOTAL FOR SUMMARY CARRIED FORWARD TO COVER PAGE | B36: =B34+B35 -> 0
A258: 1.79 | B258: PSA 8.12.2
